 Dungeon Crawl Stone Soup version 0.24-a0-459-g225fefd530 (webtiles) character file.

Game seed: 2322686413329665950

93 Mrkan the Chopper (level 4, 0/41 HPs)
             Began as a Hill Orc Abyssal Knight on June 28, 2019.
             Was a Believer of Lugonu.
             Slain by an adder (4 damage)
             ... on level 3 of the Dungeon.
             The game lasted 00:05:43 (2293 turns).

Mrkan the Chopper (Hill Orc Abyssal Knight)         Turns: 2293, Time: 00:05:44

Health: 0/41       AC:  3    Str: 15    XL:     4   Next: 61%
Magic:  6/6        EV: 11    Int: 12    God:    Lugonu [**....]
Gold:   105        SH:  0    Dex: 10    Spells: 3/3 levels left

rFire    . . .     SeeInvis .   a - +1 hand axe
rCold    . . .     Gourm    .   (no shield)
rNeg     . . .     Faith    .   b - +0 leather armour
rPois    .         Spirit   .   (no helmet)
rElec    .         Reflect  .   i - -1 cloak (curse)
rCorr    .         Harm     .   (no gloves)
MR       .....                  (no boots)
Stlth    +.........             (no amulet)
HPRegen  0.13/turn              (no ring)
MPRegen  0.10/turn              (no ring)

@: no status effects
A: no striking features
a: Depart the Abyss, Bend Space, Renounce Religion


You were on level 3 of the Dungeon.
You worshipped Lugonu.
Lugonu was pleased with you.
You were not hungry.

You visited 1 branch of the dungeon, and saw 3 of its levels.
You visited the Abyss 1 time.

You collected 105 gold pieces.

Inventory:

Hand Weapons
 a - a +1 hand axe (weapon)
 o - a +0 hunting sling
Missiles
 f - 25 stones (quivered)
Armour
 b - a +0 leather armour (worn)
 i - a cursed -1 cloak (worn)
Jewellery
 p - an uncursed amulet of harm {unknown}
Scrolls
 d - 6 scrolls of identify {unknown}
 e - 2 scrolls of remove curse {unknown}
 h - a scroll of fog {unknown}
 k - a scroll of enchant weapon {unknown}
 l - a scroll of teleportation {unknown}
 m - a scroll of enchant armour {unknown}
Potions
 g - a potion of brilliance
 j - a potion of flight {unknown}
 q - a potion of haste {unknown}
Comestibles
 c - 6 rations
 n - 2 chunks of flesh


   Skills:
 + Level 4.4 Fighting
 * Level 4.8 Axes
 - Level 2.1 Armour
 - Level 0.7 Dodging
 + Level 3.7 Invocations


You had 3 spell levels left.
You didn't know any spells.
Your spell library was empty.

Dungeon Overview and Level Annotations

Branches:
Dungeon (3/15)

Altars:
Vehumet


Message History

The adder closely misses you.
You closely miss the adder.
The adder is almost dead.
You hit the hobgoblin. The adder bites you. The hobgoblin hits you.
The adder bites you. The hobgoblin closely misses you.
You barely miss the adder.
The adder is almost dead.
You barely miss the hobgoblin. The adder bites you.
* * * LOW HITPOINT WARNING * * *
The hobgoblin hits you.
* * * LOW HITPOINT WARNING * * *
You closely miss the adder.
The adder is severely wounded.
You closely miss the hobgoblin. The adder closely misses you.
The hobgoblin hits you.
* * * LOW HITPOINT WARNING * * *
The adder misses you.
Some of the chunks of flesh in your inventory have rotted away.
The adder bites you.
You die...

#...# ......#.....##.#
#...####.# #.......%.....
##...#....# #..$#.........
##......#### #.........#
#>....### #...#.?...###
#.#...# #.............
##.#...# #...g..[......
...#...# ####S........###
.......######..)@........#
..............##.........#
....############.........#
..### #.........# ..#
##.......## ..# .........
..# ......... ..# .....>.
..#


You could see an adder and a hobgoblin.

Vanquished Creatures
  An adder (D:3)
  3 worms (D:2)
  5 dart slugs
  3 leopard geckos
  4 giant cockroaches
  6 goblins
  9 hobgoblins
  9 jackals
  4 kobolds (D:2)
  5 bats
  A frilled lizard (D:1)
  6 rats
56 creatures vanquished.

Notes
Turn   | Place    | Note
-------+----------+-------------------------------------------
     0 | Abyss:1  | Mrkan the Hill Orc Abyssal Knight began the quest for the
                  | Orb.
     0 | Abyss:1  | Reached XP level 1. HP: 19/19 MP: 2/2
    27 | Abyss:1  | Noticed a ynoxinul
    30 | Abyss:1  | Noticed a wretched star
    30 | D:1      | Escaped the Abyss
   144 | D:1      | Reached * piety under Lugonu
   150 | D:1      | Reached XP level 2. HP: 11/27 MP: 4/4
   514 | D:1      | Reached XP level 3. HP: 3/33 MP: 5/5
  1365 | D:2      | Reached ** piety under Lugonu
  1450 | D:2      | Reached XP level 4. HP: 9/40 MP: 6/6
  1484 | D:2      | HP: 2/40 [hobgoblin/+0 club (6)]
  1499 | D:2      | HP: 2/40 [dart slug (2)]
  2219 | D:3      | Found a radiant altar of Vehumet.
  2293 | D:3      | Slain by an adder

Levels and vault maps discovered:
D:1:      lightli_arrival_chessboard, layout_rooms
D:2:      layout_basic
D:3:      layout_rooms, lemuel_doored_altar, chequers_ecumenical_altar_twisty,
          chequers_mini_garden, uniq_crazy_yiuf_cottage, uniq_ijyb,
          uniq_sigmund, uniq_natasha

Skill      XL: |  1  2  3 |
---------------+----------+-----
Axes           | 3 4 |  4.8
Invocations    | 3 |  3.7
Fighting       | 4 |  4.4
Armour         | |  2.1
Dodging        | |  0.7

Action                   |  1- 3 |  4- 6 || total
-------------------------+-------+-------++-------
Melee: Hand axe          |   132 |    62 ||   194
Invok: Depart the Abyss  |     1 |       ||     1
  Use: Potion            |       |     2 ||     2
  Eat: Chunk             |     2 |     3 ||     5
Armor: Leather armour    |    42 |    15 ||    57
Dodge: Dodged            |    96 |    28 ||   124

Table legend:
 A = Non-vault XP
 B = Vault XP
 C = Vault XP percentage of total XP
 D = Non-vault monster count
 E = Vault monster count
 F = Vault count percentage of total count
                 A         B        C        D         E       F
            +---------+---------+-------+---------+---------+-------
      Total |     133 |       0 |   0.0 |      56 |       0 |   0.0
            +---------+---------+-------+---------+---------+-------
        D:1 |      47 |       0 |   0.0 |      24 |       0 |   0.0
        D:2 |      68 |       0 |   0.0 |      29 |       0 |   0.0
        D:3 |      18 |       0 |   0.0 |       3 |       0 |   0.0
            +---------+---------+-------+---------+---------+-------
